 Dungeon Crawl Stone Soup version 0.21-a0-84-g85d6d27 (webtiles) character file.

16291 sscrono2 the Covert (level 12, -1/84 HPs)
             Began as an Octopode Assassin on July 2, 2017.
             Was a Follower of Uskayaw.
             Slain by a yak (9 damage)
             ... in an ice cave.
             The game lasted 00:26:24 (11344 turns).

sscrono2 the Covert (Octopode Assassin)            Turns: 11344, Time: 00:26:25

Health: -1/84      AC: 13    Str: 13    XL:     12   Next: 36%
Magic:  15/25      EV: 18    Int: 15    God:    Uskayaw [*.....]
Gold:   254        SH: 10    Dex: 17    Spells: 11/11 levels left

rFire    . . .     SeeInvis .   a - +8 rapier of Sores {holy, rC+}
rCold    + + .     Gourm    .   N - +3 buckler {AC+3}
rNeg     . . .     Faith    +   (helmet restricted)
rPois    .         Spirit   .   R - amulet of faith
rElec    .         Reflect  .   M - ring of magical power
rCorr    .         Harm     .   B - +3 ring of strength
MR       .....                  E - +3 ring of protection
Stlth    +++++++...             X - ring of protection from cold
HPRegen  0.24/turn              (no ring)
MPRegen  0.19/turn              (no ring)
                                (no ring)
                                (no ring)

@: no status effects
A: almost no armour, stealthy swim, amphibious, 8 rings, constrict 8, iridescent
scales 1, molten scales 1, slimy green scales 1, camouflage 1, gelatinous body 1
a: Stomp, Renounce Religion


You were in an ice cave.
You worshipped Uskayaw.
Uskayaw was noncommittal.
You were near starving.

You visited 2 branches of the dungeon, and saw 12 of its levels.
You also visited: Sewer and Ice Cave.

You collected 576 gold pieces.
You spent 322 gold pieces at shops.

Inventory:

Hand Weapons
 a - the +8 rapier of Sores (weapon) {holy, rC+}
   (You found it on level 8 of the Dungeon)

   It has been blessed by the Shining One to cause great damage to the undead
   and demons.
   It protects you from cold.
 b - a +0 blowgun
Missiles
 c - 49 poisoned needles
 d - 6 curare-tipped needles
 s - a throwing net (quivered)
Armour
 N - a +3 buckler of protection (worn)
 U - a cursed +0 shield
Magical Staves
 u - an uncursed staff of air
 Z - an uncursed staff of energy
Jewellery
 r - an uncursed amulet of magic regeneration
 B - a +3 ring of strength (right tentacle)
 E - a +3 ring of protection (on tentacle)
 M - a ring of magical power (left tentacle)
 R - an amulet of faith (around mantle)
 X - a ring of protection from cold (on tentacle)
Wands
 J - a wand of lightning (0/15)
Scrolls
 g - a scroll of fog {unknown}
 h - 7 scrolls of remove curse
 i - 4 scrolls of amnesia
 j - 4 scrolls of immolation
 m - 2 scrolls of blinking {unknown}
 o - 3 scrolls of teleportation
 p - 2 scrolls of noise {unknown}
 v - a scroll of enchant weapon {unknown}
 y - 4 scrolls of magic mapping
 C - a scroll of fear {unknown}
 F - 2 scrolls of enchant armour
 H - 7 scrolls of recharging
 K - a scroll of random uselessness {unknown}
Potions
 e - a potion of brilliance
 l - 4 potions of flight
 n - a potion of berserk rage {unknown}
 t - 3 potions of mutation
 x - a potion of haste
 A - a potion of degeneration {unknown}
 D - 5 potions of curing
 G - 2 potions of cancellation
 I - 2 potions of agility
 L - a potion of resistance {unknown}
 O - 2 potions of magic {unknown}
Books
 S - a book of Dreams

   Spells                             Type                      Level
   a - Ensorcelled Hibernation        Hexes/Ice                    2
   b - Silence                        Hexes/Air                    5
   c - Darkness                       Hexes                        6
   d - Shadow Creatures               Summoning                    6
 T - a book of Conjurations

   Spells                             Type                      Level
   a - Magic Dart                     Conjuration                  1
   b - Searing Ray                    Conjuration                  2
   c - Dazzling Spray                 Conjuration/Hexes            3
   d - Fulminant Prism                Conjuration/Hexes            4
   e - Force Lance                    Conjuration/Translocation    4
   f - Iskenderun's Mystic Blast      Conjuration                  4
Miscellaneous
 W - 2 boxes of beasts
 Y - a phial of floods (inert)
Comestibles
 f - 9 bread rations
 k - 4 chunks of flesh
 q - 4 royal jellies
 z - 7 meat rations


   Skills:
 - Level 8.6 Fighting
 - Level 8.2 Short Blades
 - Level 2.0 Throwing
 + Level 7.4 Dodging
 - Level 12.2 Stealth
 * Level 10.5 Shields
 * Level 6.6 Invocations


You had 11 spell levels left.
You didn't know any spells.

Dungeon Overview and Level Annotations

Branches:
Dungeon (11/15)            Temple (1/1) D:4            Lair (0/6) D:10
    Orc (0/2) D:9

Altars:
Ashenzari
Cheibriados
Dithmenos
Elyvilon
Fedhas
Gozag
Hepliaklqana
Kikubaaqudgha
Makhleb
Nemelex Xobeh
Okawaru
Qazlal
Ru
Sif Muna
Trog
Uskayaw
Vehumet
Wu Jian
Xom
Yredelemnul
Zin
The Shining One

Shops:
D:5 :   D:7 [

Annotations:
D:3 sscrono2's ghost, amateur OpAs


Innate Abilities, Weirdness & Mutations

You cannot wear most types of armour.
You are very stealthy in the water. (Stealth+)
You are amphibious.
You can wear up to eight rings at the same time.
You can use your tentacles to constrict eight enemies at once.
Your skin changes colour to match your surroundings (Stealth+).
Your rubbery body absorbs attacks. (AC +1, EV +1)
You are partially covered in iridescent scales. (AC +2)
You are partially covered in molten scales. (AC +2)
You are partially covered in slimy green scales. (AC +2)


Message History

Okay, then.
Evoke which item? (* to show all) (? for menu, Esc to quit)
Aim the phial where?
Press: ? - help, Shift-Dir - straight line, f - yak
Aim: a yak (moderately wounded)
The torrent of water hits the yak.
The yak is severely wounded.
The yak is knocked back by the torrent of water.
The yak slams into the ice covered rock wall!
The wave splashes down.
Floosh!
The water rises up and takes form.
You hear a bellow!
You hear an angry growl.
You hear a bellow!
The wolf splashes around in the water.
You block the polar bear's attack. x3
The yak gores you.
* * * LOW HITPOINT WARNING * * *
The polar bear misses you. The polar bear barely misses you.
The polar bear claws you but does no damage.
The yak gores you!
You die...

## .##
##..#
##hh.#
##Y@.#
#≈hY##
#E≈≈##
##...#
##...##
##.....##
#...∩...#
#.......#
##..∩..##


You could see 2 polar bears, 2 yaks, a wolf and a friendly water elemental.

Vanquished Creatures
  The ghost of terra52 the Thaumaturge, a journeyman GnSk of Gozag (D:10)
  A two-headed ogre (D:9)
  Urug (D:10)
  Nergalle (D:10)
  An ugly thing (D:10)
  A manticore (D:11)
  Maurice (D:10)
  Psyche (D:10)
  2 polar bears (IceCv)
  A polar bear (shapeshifter) (D:10)
  2 trolls (D:9)
  2 hornets
  Prince Ribbit (D:8)
  4 hippogriffs
  A spriggan (D:7)
  A shadow (D:10)
  A wraith (D:10)
  A wyvern (D:10)
  11 yaks
  Edmund (D:6)
  Duvessa (D:7)
  8 orc warriors
  3 phantoms
  2 eyes of draining (D:10)
  17 ice beasts
  2 black bears
  3 sky beasts
  2 necrophages
  6 ogres
  3 wolves (IceCv)
  3 centaurs
  7 big kobolds
  7 bullfrogs
  3 gnoll sergeants (D:9)
  4 scorpions
  Dowan (D:7)
  3 killer bees (D:7)
  A jelly (D:9)
  3 wights (D:6)
  8 howler monkeys
  9 crimson imps
  A quasit (D:10)
  A bullfrog zombie (D:6)
  3 hounds
  3 orc priests
  A bullfrog skeleton (D:4)
  6 orc wizards
  3 iguanas
  8 worker ants
  A worker ant zombie (D:11)
  Robin (D:3)
  8 gnolls
  2 howler monkey skeletons
  10 adders
  2 river rats (Sewer)
  A shadow imp (D:10)
  2 oozes
  2 adder zombies
  7 leopard geckos
  42 orcs
  8 bats
  3 giant cockroaches
  12 goblins
  14 hobgoblins
  8 jackals
  4 quokkas
  7 ball pythons
  6 frilled lizards
  A jackal skeleton (D:7)
  A jackal zombie (D:9)
  30 kobolds
  A leopard gecko skeleton (D:6)
  A quokka skeleton (D:6)
  31 rats
363 creatures vanquished.

Notes
Turn   | Place    | Note
-------+----------+-------------------------------------------
     0 | D:1      | sscrono2 the Octopode Assassin began the quest for the Orb.
     0 | D:1      | Reached XP level 1. HP: 14/14 MP: 1/1
    41 | D:1      | Reached XP level 2. HP: 18/19 MP: 2/2
   407 | D:1      | Reached skill level 6 in Stealth
   407 | D:1      | Reached XP level 3. HP: 24/24 MP: 3/3
   815 | D:2      | Reached XP level 4. HP: 30/30 MP: 4/4
   947 | D:3      | Noticed a hippogriff
   961 | D:3      | Killed a hippogriff
   961 | D:3      | Reached skill level 7 in Stealth
   961 | D:3      | Reached XP level 5. HP: 26/36 MP: 5/5
   961 | D:3      | Reached XP level 6. HP: 30/42 MP: 6/6
  1239 | D:3      | Noticed sscrono2's ghost (amateur OpAs)
  1637 | D:3      | Noticed Robin
  1657 | D:3      | Killed Robin
  1665 | D:3      | Reached skill level 8 in Stealth
  2389 | D:4      | Found a staircase to the Ecumenical Temple.
  2425 | Temple   | Entered the Ecumenical Temple
  2765 | D:4      | Found a stormy altar of Qazlal.
  2877 | D:4      | Noticed an ice beast
  2887 | D:4      | Killed an ice beast
  2887 | D:4      | Reached XP level 7. HP: 46/46 MP: 7/7
  3162 | D:4      | Reached skill level 5 in Short Blades
  3714 | D:4      | Reached skill level 9 in Stealth
  3830 | D:5      | Entered Level 5 of the Dungeon
  3843 | D:5      | Found Ojouhi's Book Boutique.
  3879 | D:5      | Reached XP level 8. HP: 53/54 MP: 8/8
  3939 | D:5      | Found a glowing drain.
  3961 | Sewer    | Entered a sewer
  4002 | Sewer    | Reached skill level 10 in Stealth
  4784 | D:5      | Reached skill level 5 in Fighting
  5248 | D:6      | Found a basalt altar of Yredelemnul.
  5264 | D:6      | Noticed Edmund
  5270 | D:6      | Killed Edmund
  5270 | D:6      | Reached skill level 11 in Stealth
  5352 | D:6      | Reached XP level 9. HP: 61/61 MP: 9/9
  6016 | D:6      | Found an iron altar of Okawaru.
  6070 | D:6      | Found a snail-covered altar of Cheibriados.
  6306 | D:6      | Reached skill level 12 in Stealth
  6798 | D:7      | Found Sifiod's Armour Boutique.
  6835 | D:7      | Bought a +2 buckler of protection for 322 gold pieces
  6900 | D:7      | Reached skill level 1 in Shields
  7306 | D:7      | Gained mutation: You are partially covered in slimy green scales. (AC +2) [mutagenic meat]
  7307 | D:7      | Gained mutation: You are partially covered in iridescent scales. (AC +2) [mutagenic meat]
  7308 | D:7      | Gained mutation: You are partially covered in molten scales. (AC +2) [mutagenic meat]
  7383 | D:7      | Noticed Duvessa
  7383 | D:7      | Noticed Dowan
  7386 | D:7      | Killed Dowan
  7415 | D:7      | Killed Duvessa
  7623 | D:7      | Reached XP level 10. HP: 54/69 MP: 10/10
  7838 | D:8      | Found a radiant altar of Vehumet.
  7841 | D:8      | Noticed Prince Ribbit
  7867 | D:8      | Killed Prince Ribbit
  8117 | D:8      | Found a glowing golden altar of the Shining One.
  8344 | D:8      | Got a twisted rapier
  8345 | D:8      | Identified the +8 rapier of Sores {holy, rC+} (You found it on level 8 of the Dungeon)
  8378 | D:8      | Reached skill level 5 in Shields
  9041 | D:9      | Found an opulent altar of Gozag.
  9053 | D:9      | Noticed a two-headed ogre
  9064 | D:9      | Killed a two-headed ogre
  9194 | D:9      | Found a staircase to the Orcish Mines.
  9211 | D:9      | Reached skill level 5 in Dodging
  9219 | D:9      | Reached XP level 11. HP: 57/77 MP: 11/11
  9355 | D:9      | Found an ornate altar of the Wu Jian Council.
  9355 | D:9      | Found a sacrificial altar of Ru.
  9355 | D:9      | Found an opulent altar of Gozag.
  9355 | D:9      | Found a hide-covered altar of Uskayaw.
  9362 | D:9      | Found a shadowy altar of Dithmenos.
  9362 | D:9      | Found a glowing golden altar of the Shining One.
  9372 | D:9      | Became a worshipper of Uskayaw the Reveler
  9423 | D:9      | Reached * piety under Uskayaw
  9425 | D:9      | Reached ** piety under Uskayaw
  9439 | D:9      | Reached *** piety under Uskayaw
  9550 | D:9      | Reached **** piety under Uskayaw
  9553 | D:9      | Reached ***** piety under Uskayaw
  9560 | D:9      | Reached ****** piety under Uskayaw
  9788 | D:10     | Entered Level 10 of the Dungeon
  9788 | D:10     | Noticed terra52's ghost (journeyman GnSk)
  9800 | D:10     | Killed terra52's ghost
  9800 | D:10     | Reached skill level 1 in Invocations
 10085 | D:10     | Noticed a white ugly thing
 10103 | D:10     | Killed a white ugly thing
 10496 | D:10     | Noticed Psyche
 10497 | D:10     | Noticed Urug
 10509 | D:10     | Killed Psyche
 10513 | D:10     | Killed Urug
 10819 | D:10     | Found a staircase to the Lair.
 10902 | D:10     | Noticed Nergalle
 10911 | D:10     | Noticed Maurice
 10913 | D:10     | Killed Nergalle
 10913 | D:10     | Reached XP level 12. HP: 84/84 MP: 15/15
 10914 | D:10     | Reached skill level 5 in Invocations
 10932 | D:10     | Reached skill level 10 in Shields
 10944 | D:10     | Killed Maurice
 11288 | D:11     | Found a frozen archway.
 11314 | IceCv    | Entered an ice cave
 11339 | IceCv    | HP: 2/84 [polar bear (15)]
 11344 | IceCv    | Slain by a yak

Vault maps used:
D:1:      ncdulo_smallfort
D:2:      minmay_wonky_spiral
D:3:      uniq_robin
D:4:      minmay_temple_entry_enclosed_plants, first_bread,
          nicolae_qazlal_general_emergency
D:5:      serial_shops, kennysheep_little_box, cheibrodos_sewer_entry_drain
D:6:      lemuel_coloured_pillars_altar, overflow_temple_1_default, basic_altar,
          uniq_edmund
D:7:      serial_shops, shop, minivault_25, the_bakery, uniq_duvessa
D:8:      vehumet_altar_wand_db, basic_altar, uniq_prince_ribbit1
D:9:      minmay_overflow_temple_hex, kennysheep_orc_monster_closet_entryway,
          grunt_gozag_statues
D:10:     minmay_the_grid_plus_closed, uniq_maurice, uniq_nergalle, uniq_urug,
          uniq_psyche
D:11:     basic_altar, portal_ice_cave_entry_ice_beasts
Temple:   cyrus_circular_temple
Sewer:    sewer_minmay_treatment
IceCv:    ice_cave_small_giant

Skill      XL: |  1  2  3  4  5  6  7  8  9 10 11 12 |
---------------+-------------------------------------+-----
Stealth        | 6 7 8 9 11 12 | 12.2
Short Blades   | 3 4 5 7 8 |  8.2
Fighting       | 3 4 5 6 7 8 |  8.6
Shields        | 3 7 9 10 | 10.5
Dodging        | 2 5 6 7 |  7.4
Invocations    | 4 6 |  6.6
Throwing       | |  2.0

Action                   |  1- 3 |  4- 6 |  7- 9 | 10-12 || total
-------------------------+-------+-------+-------+-------++-------
Melee: Dagger            |    55 |   101 |   371 |    72 ||   599
       Constrict         |    10 |    22 |    59 |    55 ||   146
       Tentacles         |     6 |    16 |    73 |    94 ||   189
       Rapier            |       |       |       |   344 ||   344
 Fire: Blowgun           |       |     4 |     4 |    25 ||    33
Invok: Grand Finale      |       |       |       |     3 ||     3
       Stomp             |       |       |       |     1 ||     1
Evoke: Phial of floods   |       |       |       |     1 ||     1
  Use: Scroll            |       |       |    11 |     6 ||    17
       Potion            |       |       |     7 |     9 ||    16
 Stab: Sleeping          |    14 |    18 |    40 |    19 ||    91
       Distracted        |     1 |       |     2 |     4 ||     7
       Paralysed         |       |       |       |    11 ||    11
  Eat: Chunk             |       |     3 |    13 |     8 ||    24
       Bread ration      |       |     1 |     1 |     1 ||     3
Armor: Skin              |     3 |     4 |    49 |   101 ||   157
Dodge: Dodged            |    30 |    52 |   117 |   206 ||   405
Block: Buckler           |       |       |    15 |   173 ||   188
